 Dungeon Crawl Stone Soup version 0.29.1-13-g9f3cf754e1 (webtiles) character file.

Game seed: 13880966604401685754

101 Descartes the Shield-Bearer (level 5, 0/42 HPs)
             Began as a Formicid Fighter on Jan 19, 2023.
             Slain by Ijyb
             ... wielding a +0 hand axe
              (2 damage)
             ... on level 3 of the Dungeon.
             The game lasted 00:05:42 (2843 turns).

Descartes the Shield-Bearer (Formicid Fighter)      Turns: 2843, Time: 00:05:43

Health: 0/42       AC:  4    Str: 23    XL:     5   Next: 4%
Magic:  5/5        EV:  7    Int:  7    God:
Gold:   143        SH:  5    Dex: 13    Spells: 4/4 levels left

rFire   + + .      SeeInvis +   a - +0 war axe
rCold   + . .      Faith    .   c - +0 buckler
rNeg    . . .      Spirit   .   i - +0 chain mail
rPois   +          Reflect  .   (helmet unavailable)
rElec   +          Harm     .   s - +0 cloak
rCorr   +          Rampage  .   x - +0 pair of gloves
Will    .....                   e - +0 pair of boots
Stlth   ..........              (no amulet)
HPRegen 0.14/turn               p - ring of resist corrosion
MPRegen 0.09/turn               w - ring of protection from fire

@: mighty, resistant, corroded
A: permanent stasis, dig shafts and tunnels, antennae 3, four strong arms
a: Dig, Shaft Self


You were on level 3 of the Dungeon.
You visited 1 branch of the dungeon, and saw 3 of its levels.

You collected 143 gold pieces.

Inventory:

Hand Weapons
 a - a +0 war axe (weapon)
 v - a +0 morningstar
 z - a +2 vorpal spear
Missiles
 y - 4 javelins
Armour
 c - a +0 buckler (worn)
 e - a +0 pair of boots (worn)
 i - a +0 chain mail (worn)
 s - a +0 cloak (worn)
 x - a +0 pair of gloves (worn)
Jewellery
 p - a ring of resist corrosion (left hand)
 q - a +6 ring of intelligence
 w - a ring of protection from fire (right hand)
Scrolls
 b - a scroll of enchant weapon {unknown}
 f - a scroll of immolation {unknown}
 h - 2 scrolls of teleportation {unknown}
 j - 4 scrolls of identify {unknown}
 l - 2 scrolls of enchant armour {unknown}
 o - a scroll of noise {unknown}
 r - a scroll of fog {unknown}
 t - a scroll of blinking {unknown}
Potions
 g - 2 potions of curing
 k - a potion of flight {unknown}
 m - a potion of resistance
 n - a potion of ambrosia {unknown}
 u - a potion of haste {unknown}


   Skills:
 + Level 4.0 Fighting
 + Level 2.9 Axes
 + Level 0.4(1.8) Maces & Flails
 + Level 4.0 Armour
 + Level 4.9 Shields


You had 4 spell levels left.
You didn't know any spells.
Your spell library contained the following spells:

 Spells                   Type           Power      Damage    Failure   Level
 Beastly Appendage        Tmut           0%         N/A       99%         1
 Magic Dart               Conj           0%         1d3       99%         1
 Call Imp                 Summ           0%         N/A       100%        2
 Wereblood                Tmut           0%         N/A       100%        2
 Call Canine Familiar     Summ           0%         N/A       100%        3
 Mephitic Cloud           Conj/Pois/Air  0%         N/A       100%        3
 Portal Projectile        Hex/Tloc       0%         N/A       100%        3
 Spider Form              Tmut/Pois      0%         N/A       100%        3
 Tukima's Dance           Hex            0%         N/A       100%        3
 Leda's Liquefaction      Hex/Erth       0%         N/A       100%        4
 Blade Hands              Tmut           0%         N/A       100%        5


Dungeon Overview and Level Annotations

Branches:
Dungeon (3/15)

Altars:

Shops:
D:1 (

Annotations:
D:3 Ijyb


Innate Abilities, Weirdness & Mutations

You cannot be hasted, slowed, berserked, paralysed or teleported.
You can dig through walls and to a lower floor.
You have a pair of large antennae on your head. (SInv)
Your four strong arms can wield two-handed weapons with a shield.


Message History

You are too injured to fight recklessly!
You closely miss Ijyb.
Ijyb is moderately wounded.
Ijyb hits you with a +0 hand axe.
* * * LOW HITPOINT WARNING * * *
You hit Ijyb but do no damage.
Ijyb is moderately wounded.
Ijyb hits you but does no damage.
You hit Ijyb.
Ijyb is heavily wounded.
Ijyb screams, "Me kill you!" Ijyb hits you with a +0 hand axe.
* * * LOW HITPOINT WARNING * * *
You block Ijyb's attack.
You barely miss Ijyb.
Ijyb is heavily wounded.
Ijyb hits you but does no damage.
You barely miss Ijyb.
Ijyb is heavily wounded.
Ijyb zaps a wand.
The bolt of acid hits you. You resist.
* * * LOW HITPOINT WARNING * * *
The acid corrodes you!
You hit Ijyb but do no damage.
Ijyb is heavily wounded.
Ijyb zaps a wand.
The bolt of acid hits you. You resist.
* * * LOW HITPOINT WARNING * * *
Ijyb hits you but does no damage.
It was a potion of curing.
You feel better.
Ijyb zaps a wand.
The bolt of acid hits you. You resist.
* * * LOW HITPOINT WARNING * * *
The acid corrodes you!
Char dumped successfully.
You feel very mighty all of a sudden.
Ijyb zaps a wand.
The bolt of acid hits you! You resist.
* * * LOW HITPOINT WARNING * * *
The acid corrodes you!
The now-empty wand crumbles to dust.
It was a potion of resistance.
You feel protected. Ijyb hits you with a +0 hand axe.
You die...

#...# ###)# #.# #.##
#..#############
##..........<..#############
#########.###.......†...)..
#.g###############. ##@##
#### ## #..# #..# ##.## #..#
#.(## #..#
######..#####..######
#....................
#..######...#...##### ##..##
###.#.#.....# ##..##
#.#.#####..


You could see Ijyb.

Vanquished Creatures
  2 adders (D:2)
  A worm (D:3)
  2 dart slugs
  5 ball pythons
  8 endoplasms
  A giant cockroach (D:1)
  13 goblins
  3 hobgoblins
  6 jackals
  2 kobolds (D:1)
  3 quokkas
  7 bats
  6 frilled lizards
  8 rats
67 creatures vanquished.

Notes
Turn   | Place    | Note
-------+----------+-------------------------------------------
     0 | D:1      | Descartes the Formicid Fighter began the quest for the Orb.
     0 | D:1      | Reached XP level 1. HP: 18/18 MP: 1/1
   127 | D:1      | Reached XP level 2. HP: 24/24 MP: 2/2
   253 | D:1      | Found Kuusir's Weapon Boutique.
   545 | D:1      | Reached XP level 3. HP: 26/29 MP: 3/3
  1161 | D:2      | Noticed a great orb of eyes
  1165 | D:2      | Found a faded altar of an unknown god.
  1167 | D:2      | Noticed a floating eye
  1167 | D:2      | Noticed a golden eye
  1167 | D:2      | Noticed an eye of devastation
  1206 | D:2      | Reached XP level 4. HP: 37/37 MP: 4/4
  2285 | D:3      | Noticed Ijyb
  2526 | D:3      | Reached XP level 5. HP: 42/42 MP: 5/5
  2840 | D:3      | HP: 1/42 [Ijyb/bolt of acid (5)]
  2843 | D:3      | Slain by Ijyb

Illustrated notes

Levels and vault maps discovered:
D:1:      dpeg_arrival_stonehenge_8_columns, layout_loops_ring, serial_shops,
          nicolae_square_shop
D:2:      layout_loops_cross, hellmonk_ecumenical_altar_watching_god
D:3:      kennysheep_goblin_castle, layout_rooms, glass_columns_b,
          wander_ebering_terrifying_dragon_lair

Skill      XL: |  1  2  3  4  5 |
---------------+----------------+-----
Fighting       | 4 |  4.0
Armour         | 4 |  4.0
Axes           | |  2.9
Maces & Flails | |  0.4
Shields        | |  4.9

Action                   |  1- 3 |  4- 6 || total
-------------------------+-------+-------++-------
Melee: War axe           |    95 |   116 ||   211
  Use: Potion            |       |     3 ||     3
Armor: Scale mail        |    16 |       ||    16
       Chain mail        |    39 |    85 ||   124
Dodge: Dodged            |    30 |    47 ||    77
Block: Buckler           |    33 |    30 ||    63
